 Dungeon Crawl Stone Soup version 0.29-a0-344-ge2f44be95a (webtiles) character file.

Game seed: 3237718717911777421

924 Ijustatesigmund the Thaumaturge (level 7, 0/36 HPs)
             Began as a Deep Elf Conjurer on Apr 22, 2022.
             Slain by a water moccasin (8 damage)
             ... on level 5 of the Dungeon.
             The game lasted 00:09:23 (5367 turns).

Ijustatesigmund the Thaumaturge (Deep Elf Conjurer) Turns: 5367, Time: 00:09:23

Health: 0/36       AC:  7    Str:  4    XL:     7   Next: 84%
Magic:  12/21      EV: 12    Int: 25    God:
Gold:   255        SH:  0    Dex: 13    Spells: 20/23 levels left

rFire   . . .      SeeInvis .   c - +0 dagger (elec)
rCold   . . .      Faith    .   (no shield)
rNeg    . . .      Spirit   .   a - +1 robe
rPois   .          Reflect  .   f - +2 hat
rElec   .          Harm     .   (no cloak)
rCorr   .          Rampage  .   (no gloves)
Will    .....                   o - +1 pair of boots
Stlth   ++........              (no amulet)
HPRegen 0.12/turn               g - ring of flight
MPRegen 0.17/turn               (no ring)

@: lethally poisoned (0 -> -17), attractive, flying
A: no striking features
a: no special abilities


You were on level 5 of the Dungeon.
You visited 1 branch of the dungeon, and saw 5 of its levels.

You collected 255 gold pieces.

Inventory:

Hand Weapons
 c - a +0 dagger of electrocution (weapon)
Armour
 a - a +1 robe (worn)
 f - a +2 hat (worn)
 o - a +1 pair of boots (worn)
Jewellery
 g - a ring of flight (left hand)
Scrolls
 j - a scroll of holy word
 k - 3 scrolls of teleportation
Potions
 b - a potion of magic
 d - a potion of brilliance
 e - a potion of ambrosia
 h - 2 potions of mutation
 i - 3 potions of heal wounds
 l - a potion of attraction
 m - a potion of degeneration {unknown}
 n - a potion of berserk rage {unknown}
 p - 2 potions of haste {unknown}
 q - a potion of curing {unknown}


   Skills:
 - Level 2.4 Dodging
 - Level 2.4 Stealth
 + Level 8.9 Spellcasting
 + Level 8.2 Conjurations


You had 20 spell levels left.
You knew the following spells:

 Your Spells              Type           Power      Damage    Failure   Level
a - Magic Dart            Conj           100%       1d8       1%          1
b - Searing Ray           Conj           100%       2d8       1%          2

Your spell library contained the following spells:

 Spells                   Type           Power      Damage    Failure   Level
 Dazzling Flash           Conj/Hex       62%        N/A       3%          3
 Apportation              Tloc           22%        N/A       5%          1
 Corpse Rot               Necr/Air       22%        N/A       9%          2
 Passwall                 Tmut/Erth      9%         N/A       9%          2
 Poisonous Vapours        Pois/Air       22%        N/A       9%          2
 Fulminant Prism          Conj/Hex       15%        3d11      10%         4
 Iskenderun's Mystic Bla  Conj/Tloc      31%        2d8       10%         4
 Ozocubu's Armour         Ice            11%        N/A       17%         3
 Cause Fear               Hex            5%         N/A       50%         4
 Alistair's Intoxication  Tmut/Pois      7%         N/A       83%         5
 Dragon Form              Tmut           5%         N/A       100%        7
 Chain Lightning          Conj/Air       15%        3d20      100%        9
 Dragon's Call            Summ           5%         N/A       100%        9
 Fire Storm               Conj/Fire      15%        8d4       100%        9
 Shatter                  Erth           5%         3d8*      100%        9


Dungeon Overview and Level Annotations

Branches:
Dungeon (5/15)
 Temple: D:4-7

Altars:
Wu Jian
Yredelemnul

Shops:
D:1 =   D:2 [   D:3 !


Message History

Press: ? - help, Shift-Dir - straight line, f/p - water moccasin
Aim: a water moccasin (heavily wounded, 100% to hit)
The magic dart hits the water moccasin.
The water moccasin is severely wounded.
The water moccasin bites you but does no damage.
Casting: Magic Dart (safe; 1% risk of failure)
Confirm with . or Enter, or press ? or * to list all spells.
Aiming: Magic Dart (safe; 1% risk of failure)
Press: ? - help, Shift-Dir - straight line, f/p - water moccasin
Aim: a water moccasin (severely wounded, 100% to hit)
The magic dart hits the water moccasin.
The water moccasin is almost dead.
The water moccasin bites you!
You are poisoned.
The water moccasin poisons you! The water moccasin closely misses you.
Casting: Magic Dart (safe; 1% risk of failure)
Confirm with . or Enter, or press ? or * to list all spells.
Aiming: Magic Dart (safe; 1% risk of failure)
Press: ? - help, Shift-Dir - straight line, f/p - water moccasin
Aim: a water moccasin (almost dead, 100% to hit)
The magic dart hits the water moccasin but does no damage.
The water moccasin is almost dead.
You feel very sick. The water moccasin bites you.
Casting: Magic Dart (safe; 1% risk of failure)
Confirm with . or Enter, or press ? or * to list all spells.
Aiming: Magic Dart (safe; 1% risk of failure)
Press: ? - help, Shift-Dir - straight line, f/p - water moccasin
Aim: a water moccasin (almost dead, 100% to hit)
The magic dart hits the water moccasin.
The water moccasin is almost dead.
You feel sick. The water moccasin bites you.
You are lethally poisoned!
The water moccasin poisons you!
It was a potion of attraction.
You feel attractive to monsters.
* * * LOW HITPOINT WARNING * * *
You feel very sick. The water moccasin bites you!
You die...

.........#.....#.......
.........#.....#.......
......<..#.....#.......
.........#.....#.....
####'##.... ##.....#..#
+......#..# #......'..#
##.....#@.#
#......S.≈.≈...
######...≈≈≈...
.......... .......l...
............
.....#...+... ......
...#...


You could see a water moccasin and an iguana.

Vanquished Creatures
  Grinder (D:3)
  Sigmund (D:2)
  A necrophage (D:4)
  A scorpion (D:4)
  3 wights (D:4)
  2 jellies
  An orc priest (D:3)
  An orc wizard (D:3)
  Robin (D:2)
  5 adders
  An adder zombie (D:3)
  4 worms
  2 dart slugs
  4 orcs
  6 endoplasms
  8 giant cockroaches
  17 goblins
  4 hobgoblins
  7 jackals
  8 kobolds
  9 quokkas
  8 ball pythons
  A ball python zombie (D:3)
  4 bats
  4 frilled lizards
  A quokka zombie (D:3)
  4 rats
109 creatures vanquished.

Notes
Turn   | Place    | Note
-------+----------+-------------------------------------------
     0 | D:1      | Ijustatesigmund the Deep Elf Conjurer began the quest for
                  | the Orb.
     0 | D:1      | Reached XP level 1. HP: 10/10 MP: 6/6
   156 | D:1      | Reached XP level 2. HP: 15/15 MP: 1/8
   219 | D:1      | Learned a level 2 spell: Searing Ray
   430 | D:1      | Found Aloesukuzi's Jewellery Shoppe.
  1211 | D:2      | Reached skill level 5 in Conjurations
  1211 | D:2      | Reached XP level 3. HP: 19/19 MP: 7/10
  1306 | D:2      | Found Qibif's Antique Armour Shop.
  1728 | D:2      | Noticed Sigmund
  1744 | D:2      | Killed Sigmund
  1745 | D:2      | Reached XP level 4. HP: 17/24 MP: 1/14
  1745 | D:2      | Reached XP level 5. HP: 20/28 MP: 1/15
  1911 | D:2      | Noticed Robin
  1932 | D:2      | Killed Robin
  2438 | D:2      | Reached XP level 6. HP: 32/32 MP: 14/17
  2886 | D:3      | Found a basalt altar of Yredelemnul.
  3006 | D:3      | Found Vukum's Distillery.
  3369 | D:3      | Noticed Grinder
  3377 | D:3      | Killed Grinder
  3378 | D:3      | Reached XP level 7. HP: 36/36 MP: 10/20
  4661 | D:4      | Got the Reference Book on the Mutagenic Frostbite
  4691 | D:4      | Found an ornate altar of the Wu Jian Council.
  5130 | D:5      | Entered Level 5 of the Dungeon
  5367 | D:5      | Slain by a water moccasin

Illustrated notes

Levels and vault maps discovered:
D:1:      matt_arrival_diagonals, layout_basic, serial_shops, shop
D:2:      layout_loops_corners, serial_glass, glass_columns_a, glass_columns_a,
          glass_columns_b, glass_columns_b, feat_on_display, feat_on_display,
          minmay_strange_pillars, minmay_strange_pillars, serial_shops,
          shop_fountains, uniq_robin, uniq_sigmund
D:3:      layout_loops_ring, nicolae_yredelemnul_corpse_copse, serial_shops,
          shop, uniq_grinder
D:4:      minmay_spotlight, layout_cave_pools, general_overflow_altar
D:5:      layout_gridville, chequers_serial_rivers_large_a,
          kb_lookout_dungeons_type

Skill      XL: |  1  2  3  4  5  6  7 |
---------------+----------------------+-----
Spellcasting   | 4 6 7 8 |  8.9
Conjurations   | 5 6 7 8 |  8.2
Dodging        | |  2.4
Stealth        | |  2.4

Action                   |  1- 3 |  4- 6 |  7- 9 || total
-------------------------+-------+-------+-------++-------
Melee: Spear             |     1 |       |       ||     1
       Dagger            |     5 |     2 |       ||     7
 Cast: Magic Dart        |    65 |    69 |    66 ||   200
       Searing Ray       |     4 |     6 |     8 ||    18
  Use: Scroll            |     4 |     2 |     4 ||    10
       Potion            |       |     1 |     1 ||     2
 Stab: Sleeping          |     2 |       |       ||     2
Armor: Robe              |     2 |     1 |     4 ||     7
Dodge: Dodged            |     6 |     6 |    11 ||    23

Table legend: (Time is in decaauts)
 A = Elapsed time spent in this place.
 B = Non-inter-level travel time spent in this place.
 C = Inter-level travel time spent in this place.
 D = Time resting spent in this place.
 E = Time spent auto-exploring this place.
 F = Levels seen in this place.
 G = Mean time per level.
                   A        B        C        D        E       F      G
               +--------+--------+--------+--------+--------+-----+--------+
         Total |   5364 |   5275 |     89 |   1194 |   3539 |   5 | 1072.8 |
       Dungeon |   5364 |   5275 |     89 |   1194 |   3539 |   5 | 1072.8 |
               +--------+--------+--------+--------+--------+-----+--------+

Top non-repeatable levels by time:
     D:2: 1577 daAuts
     D:4: 1350 daAuts
     D:1: 1190 daAuts
     D:3: 1008 daAuts
     D:5: 236 daAuts
